 Dungeon Crawl Stone Soup version 0.28.0-43-g3370ac3207 (webtiles) character file.

Game seed: 7596336554363986113

1266 unlimited1921 the Vexing (level 8, -6/60 HPs)
             Began as a Gnoll Arcane Marksman on Mar 5, 2022.
             Shot with an arrow by a centaur (10 damage)
             ... on level 6 of the Dungeon.
             The game lasted 00:18:02 (5416 turns).

unlimited1921 the Vexing (Gnoll Arcane Marksman)    Turns: 5416, Time: 00:18:04

Health: -6/60      AC:  3    Str: 12    XL:     8   Next: 52%
Magic:  14/14      EV: 14    Int: 13    God:
Gold:   255        SH:  0    Dex: 12    Spells: 14/15 levels left

rFire   . . .      SeeInvis .   a - +0 hand crossbow
rCold   . . .      Faith    .   (no shield)
rNeg    . . .      Spirit   .   d - +0 robe
rPois   +          Reflect  .   (no helmet)
rElec   .          Harm     .   (no cloak)
rCorr   .          Rampage  .   (no gloves)
Will    .....                   B - +0 pair of boots
Stlth   ++........              (no amulet)
HPRegen 0.20/turn               K - ring of poison resistance
MPRegen 0.14/turn               (no ring)

@: no status effects
A: fangs 1, strong nose, distributed training
a: no special abilities


You were on level 6 of the Dungeon.
You visited 1 branch of the dungeon, and saw 6 of its levels.

You collected 255 gold pieces.

Inventory:

Hand Weapons
 a - a +0 hand crossbow (weapon)
 e - a +1 antimagic dagger
 l - a +0 short sword
 p - a +2 dagger of draining
 q - a +0 mace
 r - a +0 scythe
 D - a +0 war axe
Missiles
 c - 5 bolts (quivered ammo)
 m - 60 stones
 o - 5 javelins
 y - 11 sling bullets
Armour
 b - a +0 pair of boots
 d - a +0 robe (worn)
 A - a +0 chain mail
 B - a +0 pair of boots (worn)
Magical Staves
 L - a staff of conjuration
Jewellery
 K - a ring of poison resistance (left hand)
Wands
 n - a wand of paralysis (6)
 E - a wand of flame (14) (quivered)
Scrolls
 g - 3 scrolls of identify {unknown}
 i - a scroll of acquirement {unknown}
 k - a scroll of brand weapon {unknown}
 t - a scroll of blinking {unknown}
 u - a scroll of vulnerability {unknown}
 w - 2 scrolls of silence {unknown}
 x - 2 scrolls of teleportation {unknown}
 C - 2 scrolls of amnesia {unknown}
 G - 3 scrolls of magic mapping {unknown}
 H - a scroll of fog {unknown}
 I - a scroll of noise {unknown}
Potions
 f - a potion of curing
 h - 3 potions of degeneration {unknown}
 j - a potion of haste {unknown}
 s - a potion of flight {unknown}
 v - a potion of cancellation {unknown}
 z - 3 potions of mutation {unknown}
 J - 2 potions of invisibility {unknown}


   Skills:
 + Level 4.3 Fighting
 + Level 3.3 Short Blades
 + Level 3.3 Long Blades
 + Level 3.3 Axes
 + Level 3.3 Maces & Flails
 + Level 3.3 Polearms
 + Level 3.3 Staves
 + Level 3.3 Slings
 + Level 3.3 Bows
 + Level 5.7 Crossbows
 + Level 3.3 Throwing
 + Level 3.3 Armour
 + Level 5.7 Dodging
 + Level 3.3 Stealth
 + Level 3.3 Shields
 + Level 3.3 Unarmed Combat
 + Level 4.4 Spellcasting
 + Level 2.7 Conjurations
 + Level 6.1 Hexes
 + Level 2.7 Summonings
 + Level 2.7 Necromancy
 + Level 2.7 Translocations
 + Level 2.7 Transmutations
 + Level 2.7 Fire Magic
 + Level 2.7 Ice Magic
 + Level 2.7 Air Magic
 + Level 2.7 Earth Magic
 + Level 2.7 Poison Magic
 + Level 3.7 Invocations
 + Level 3.3 Evocations


You had 14 spell levels left.
You knew the following spells:

 Your Spells              Type           Power      Damage    Failure   Level
a - Slow                  Hex            72%        N/A       1%          1

Your spell library contained the following spells:

 Spells                   Type           Power      Damage    Failure   Level
 Sublimation of Blood     Necr           10%        N/A       10%         2
 Wereblood                Tmut           10%        N/A       10%         2
 Inner Flame              Hex/Fire       14%        N/A       10%         3
 Portal Projectile        Hex/Tloc       28%        N/A       10%         3
 Cause Fear               Hex            9%         N/A       16%         4
 Petrify                  Tmut/Erth      10%        N/A       54%         4
 Irradiate                Conj/Tmut      5%         3d15      87%         5
 Summon Hydra             Summ           5%         N/A       100%        7


Dungeon Overview and Level Annotations

Branches:
Dungeon (6/15)
 Temple: D:4-7

Altars:
Trog


Innate Abilities, Weirdness & Mutations

You have very sharp teeth.
Your uncanny sense of smell can sniff out nearby items.
Your experience applies equally to all skills.


Message History

Aiming: Corrosive Bolt
Press: ? - help, Q - select action, (/) - cycle Shift-Dir - straight line, f/p - Pikel
Aim: Pikel, wielding a +2 whip of freezing and wearing a +0 robe (moderately wounded, covered in acid, 67% to hit)
The bolt of acid hits Pikel!
Pikel seems to be corroded for longer.
Pikel is severely wounded.
Pikel closely misses you.
Aiming: Corrosive Bolt
Press: ? - help, Q - select action, (/) - cycle Shift-Dir - straight line, f/p - Pikel
Aim: Pikel, wielding a +2 whip of freezing and wearing a +0 robe (severely wounded, covered in acid, 67% to hit)
The bolt of acid hits Pikel!
You kill Pikel!
The bolt of acid hits the centaur!!
The centaur is almost dead.
The now-empty wand crumbles to dust.
The centaur shoots an arrow.
The arrow hits you!
* * * LOW HITPOINT WARNING * * *
Your Fighting skill increases to level 4!
Your Short Blades skill increases to level 3!
Your Long Blades skill increases to level 3!
Your Axes skill increases to level 3!
Your Maces & Flails skill increases to level 3!
Your Polearms skill increases to level 3!
Your Staves skill increases to level 3!
Your Slings skill increases to level 3!
Your Bows skill increases to level 3!
Your Throwing skill increases to level 3!
Your Armour skill increases to level 3!
Your Stealth skill increases to level 3!
Your Shields skill increases to level 3!
Your Unarmed Combat skill increases to level 3!
Your Evocations skill increases to level 3!
The centaur shoots an arrow.
The arrow hits you.
* * * LOW HITPOINT WARNING * * *
You feel better.
The centaur shoots an arrow.
The arrow hits you!
* * * LOW HITPOINT WARNING * * *
Aiming: Throw Flame
Press: ? - help, Q - select action, (/) - cycle Shift-Dir - straight line, f - centaur
Aim: a centaur, wielding a +0 shortbow and quivering arrows (almost dead, 83% to hit)
The puff of flame misses the centaur.
The centaur shoots an arrow.
The arrow hits you!
You die...

#############
#.c.@<.......
#(###########
#........
(...c.(..######
####(###.# #.
.# # ##


You could see a centaur.

Vanquished Creatures
  Pikel (D:6)
  Sigmund (D:3)
  A black bear (D:5)
  2 necrophages
  An ogre (D:5)
  A phantom (D:5)
  A lemure (D:6)
  A hound (D:4)
  2 bullfrog skeletons
  An iguana (D:4)
  5 gnolls
  2 adders
  2 shadow imps
  2 ufetubi (D:5)
  A dart slug (D:4)
  2 orcs (D:3)
  6 bats
  10 endoplasms
  2 giant cockroaches
  6 goblins
  2 hobgoblins
  7 jackals
  3 quokkas
  3 ball pythons
  4 frilled lizards
  A goblin zombie (D:4)
  9 kobolds
  8 rats
87 creatures vanquished.

Notes
Turn   | Place    | Note
-------+----------+-------------------------------------------
     0 | D:1      | unlimited1921 the Gnoll Arcane Marksman began the quest for
                  | the Orb.
     0 | D:1      | Reached XP level 1. HP: 17/17 MP: 4/4
   159 | D:1      | Found a faded altar of an unknown god.
   263 | D:1      | Reached XP level 2. HP: 23/23 MP: 5/5
   362 | D:1      | Reached XP level 3. HP: 28/28 MP: 7/7
  1066 | D:2      | Reached skill level 1 in Invocations
  1289 | D:2      | Reached skill level 1 in Short Blades
  1289 | D:2      | Reached skill level 1 in Long Blades
  1289 | D:2      | Reached skill level 1 in Axes
  1289 | D:2      | Reached skill level 1 in Maces & Flails
  1289 | D:2      | Reached skill level 1 in Polearms
  1289 | D:2      | Reached skill level 1 in Staves
  1289 | D:2      | Reached skill level 1 in Slings
  1289 | D:2      | Reached skill level 1 in Bows
  1289 | D:2      | Reached skill level 1 in Throwing
  1289 | D:2      | Reached skill level 1 in Armour
  1289 | D:2      | Reached skill level 1 in Stealth
  1289 | D:2      | Reached skill level 1 in Shields
  1289 | D:2      | Reached skill level 1 in Unarmed Combat
  1289 | D:2      | Reached skill level 1 in Evocations
  2009 | D:2      | Reached XP level 4. HP: 34/34 MP: 8/8
  2168 | D:3      | Found a bloodstained altar of Trog.
  2204 | D:3      | Noticed Sigmund
  2215 | D:3      | Killed Sigmund
  2216 | D:3      | Reached skill level 1 in Conjurations
  2216 | D:3      | Reached skill level 1 in Summonings
  2216 | D:3      | Reached skill level 1 in Necromancy
  2216 | D:3      | Reached skill level 1 in Translocations
  2216 | D:3      | Reached skill level 1 in Transmutations
  2216 | D:3      | Reached skill level 1 in Fire Magic
  2216 | D:3      | Reached skill level 1 in Ice Magic
  2216 | D:3      | Reached skill level 1 in Air Magic
  2216 | D:3      | Reached skill level 1 in Earth Magic
  2216 | D:3      | Reached skill level 1 in Poison Magic
  2216 | D:3      | Reached XP level 5. HP: 28/41 MP: 9/9
  2216 | D:3      | Reached XP level 6. HP: 32/47 MP: 10/10
  3358 | D:4      | Reached skill level 5 in Crossbows
  3358 | D:4      | Reached skill level 5 in Dodging
  3645 | D:4      | Found a sand-covered staircase.
  3667 | D:4      | Noticed a necrophage
  3680 | D:4      | Killed a necrophage
  4345 | D:5      | Entered Level 5 of the Dungeon
  4361 | D:5      | Reached XP level 7. HP: 35/52 MP: 12/12
  5205 | D:5      | Reached skill level 6 in Hexes
  5205 | D:5      | Reached XP level 8. HP: 49/60 MP: 12/14
  5389 | D:6      | Noticed Pikel
  5413 | D:6      | Killed Pikel
  5414 | D:6      | HP: 3/60 [centaur/arrow (5)]
  5416 | D:6      | Shot with an arrow by a centaur

Illustrated notes

Levels and vault maps discovered:
D:1:      erik_arrival_cave_to_civilisation [erik_arrival_cave_to_hall],
          layout_basic, hellmonk_ecumenical_altar_leap_of_faith, st_stairs_4,
          minmay_octomino_e4
D:2:      layout_basic, kennysheep_potato
D:3:      layout_rooms, bloody_trog, serial_curves, eino_curves_04,
          eino_curves_01, nicolae_figureground_sparkle, uniq_sigmund
D:4:      layout_cave_pools, enter_ossuary_3, portal_sewer_entry_e
D:5:      layout_gridville, palyth_stone_intersect,
          minmay_misc_feat_more_columns, serial_park_tiny_pond
D:6:      layout_loops_ring, uniq_prince_ribbit1, uniq_duvessa, uniq_pikel

Skill      XL: |  1  2  3  4  5  6  7  8 |
---------------+-------------------------+-----
Invocations    | 1 2 3 |  3.7
Short Blades   | 1 2 3 |  3.3
Long Blades    | 1 2 3 |  3.3
Axes           | 1 2 3 |  3.3
Maces & Flails | 1 2 3 |  3.3
Polearms       | 1 2 3 |  3.3
Staves         | 1 2 3 |  3.3
Slings         | 1 2 3 |  3.3
Bows           | 1 2 3 |  3.3
Throwing       | 1 2 3 |  3.3
Armour         | 1 2 3 |  3.3
Stealth        | 1 2 3 |  3.3
Shields        | 1 2 3 |  3.3
Unarmed Combat | 1 2 3 |  3.3
Evocations     | 1 2 3 |  3.3
Fighting       | 3 4 |  4.3
Spellcasting   | 3 4 |  4.4
Conjurations   | 1 2 |  2.7
Summonings     | 1 2 |  2.7
Necromancy     | 1 2 |  2.7
Translocations | 1 2 |  2.7
Transmutations | 1 2 |  2.7
Fire Magic     | 1 2 |  2.7
Ice Magic      | 1 2 |  2.7
Air Magic      | 1 2 |  2.7
Earth Magic    | 1 2 |  2.7
Poison Magic   | 1 2 |  2.7
Crossbows      | 5 |  5.7
Dodging        | 5 |  5.7
Hexes          | 6 |  6.1

Action                   |  1- 3 |  4- 6 |  7- 9 || total
-------------------------+-------+-------+-------++-------
Melee: Dagger            |    21 |     1 |       ||    22
       Short sword       |    12 |       |       ||    12
       War axe           |       |    38 |     1 ||    39
       Mace              |       |    22 |       ||    22
       Bite              |       |     5 |       ||     5
 Fire: Hand crossbow     |    50 |    37 |    63 ||   150
Throw: Stone             |     1 |       |       ||     1
 Cast: Slow              |     1 |       |     1 ||     2
Evoke: Wand              |       |     5 |    11 ||    16
  Use: Potion            |     2 |     1 |     1 ||     4
 Stab: Sleeping          |       |     1 |       ||     1
Armor: Robe              |    14 |    14 |     5 ||    33
Dodge: Dodged            |    22 |    43 |    25 ||    90
